 Dungeon Crawl Stone Soup version 0.28-a0-1518-gbe868bca14 (webtiles) character file.

Game seed: 16897152362646744864

2265 comborobin the Grappler (level 9, -1/124 HPs)
             Began as a Troll Brigand on Jan 17, 2022.
             Was a Priest of Cheibriados.
             Slain by a gnoll sergeant (2 damage)
             ... on level 7 of the Dungeon.
             The game lasted 00:07:07 (5502 turns).

comborobin the Grappler (Troll Brigand)             Turns: 5502, Time: 00:07:08

Health: -1/124     AC:  6    Str: 28    XL:     9   Next: 16%
Magic:  10/10      EV:  9    Int: 18    God:    Cheibriados [***...]
Gold:   179        SH:  0    Dex: 24    Spells: 2/8 levels left

rFire   + . .      SeeInvis .     - Unarmed
rCold   . . .      Faith    .   (no shield)
rNeg    . . .      Spirit   .   b - +0 robe
rPois   .          Reflect  .   (helmet restricted)
rElec   .          Harm     .   c - +1 cloak
rCorr   .          Rampage  .   (gloves unavailable)
Will    .....                   (boots unavailable)
Stlth   ..........              (no amulet)
HPRegen 1.10/turn               j - +6 ring of dexterity
MPRegen 0.12/turn               n - ring of protection from fire

@: berserking, lethally poisoned (-1 -> -1), very slow
A: large, unfitting armour, claws 3, regeneration 1, shaggy fur 1, tough skin 1
a: Renounce Religion, Bend Time, Temporal Distortion


You were on level 7 of the Dungeon.
You worshipped Cheibriados.
Cheibriados was most pleased with you.
You visited 2 branches of the dungeon, and saw 9 of its levels.
You also visited: Ossuary.

You collected 179 gold pieces.

Inventory:

Hand Weapons
 a - a +2 spectral dagger
 f - a +3 whip of venom
Missiles
 d - 28 poisoned darts (quivered)
 h - 5 javelins
 y - a throwing net
Armour
 b - a +0 robe (worn)
 c - a +1 cloak (worn)
 l - a +0 kite shield
Jewellery
 j - a +6 ring of dexterity (left claw)
 n - a ring of protection from fire (right claw)
 s - a +6 ring of intelligence
 t - an amulet of guardian spirit
Scrolls
 i - a scroll of amnesia
 k - 2 scrolls of immolation
 o - 3 scrolls of identify
 p - a scroll of magic mapping
 x - a scroll of fog
Potions
 g - a potion of mutation {unknown}
 q - 3 potions of flight {unknown}
 r - a potion of invisibility {unknown}
 u - 2 potions of lignification {unknown}
 v - a potion of brilliance {unknown}


   Skills:
 + Level 3.4 Fighting
 - Level 1.5 Short Blades
 - Level 1.7 Throwing
 - Level 0.7 Dodging
 - Level 2.1 Stealth
 * Level 10.9 Unarmed Combat
 + Level 3.1 Invocations


You had 2 spell levels left.
You knew the following spells:

 Your Spells              Type           Power      Damage    Failure   Level
h - Passage of Golubria   Tloc           0%         N/A       91%         4
w - Passwall              Tmut/Erth      0%         N/A       32%         2

Your spell library contained the following spells:

 Spells                   Type           Power      Damage    Failure   Level
 Sandblast                Erth           0%         2d4       22%         1
 Stone Arrow              Conj/Erth      0%         3d7       54%         3
 Tukima's Dance           Hex            0%         N/A       54%         3
 Yara's Violent Unravell  Hex/Tmut       0%         3d3       99%         5


Dungeon Overview and Level Annotations

Branches:
Dungeon (8/15)             Temple (1/1) D:4         Ossuary (visited)
   Lair: D:8-11

Altars:
Ashenzari
Cheibriados
Dithmenos
Elyvilon
Fedhas
Gozag
Hepliaklqana
Kikubaaqudgha
Makhleb
Nemelex Xobeh
Qazlal
Ru
Sif Muna
Uskayaw
Vehumet
Wu Jian
Xom
Yredelemnul
Zin
The Shining One

Annotations:
D:6 2 exclusions


Innate Abilities, Weirdness & Mutations

You are too large for most types of armour.
You have claws for hands.
Your natural rate of healing is unusually fast.
You are covered in fur. (AC +1)
You have tough skin. (AC +1)


Message History

The gnoll sergeant hits you from afar with a +2 spear of freezing!
* * * LOW HITPOINT WARNING * * *
The gnoll sergeant freezes you.
* * * LOW HITPOINT WARNING * * *
As you read the scroll labelled CAQEUM LEIHU, it crumbles to dust.
It is a scroll of amnesia.
Really abort (and waste the scroll)? [Y]es or [N]o only, please.
Really abort (and waste the scroll)?
Okay, then.
You feel sick. The gnoll hits you but does no damage.
The gnoll sergeant hits you from afar with a +2 spear of freezing!
* * * LOW HITPOINT WARNING * * *
The gnoll sergeant freezes you.
* * * LOW HITPOINT WARNING * * *
Unknown command.
It was a potion of berserk rage.
A red film seems to cover your vision as you go berserk!
Cheibriados protects you from inadvertent hurry.
You feel mighty! The gnoll sergeant barely misses you.
You mangle the gnoll!!
You kill the gnoll!
Cheibriados appreciates the change of pace.
You feel sick.
You feel sick.
The gnoll sergeant hits you with a +2 spear of freezing.
* * * LOW HITPOINT WARNING * * *
The gnoll sergeant freezes you.
* * * LOW HITPOINT WARNING * * *
The gnoll sergeant barely misses you.
Things that are here:
a +0 spear; a curare-tipped dart Unknown command.
You mangle the gnoll sergeant!!
The gnoll sergeant is severely wounded.
You feel sick.
The gnoll sergeant hits you with a +2 spear of freezing.
* * * LOW HITPOINT WARNING * * *
The gnoll sergeant freezes you.
You die...

#.#
##############
#.#
#.............
#.#
#.############
#.# #.# #.#
#.# #S# #.#
#g# #.# #@#
#)# #># #.#
#.##.###.#
#........#
######.### #.#
###### #.#
##..... #..
....... ###
...####


You could see a water moccasin and a gnoll sergeant.

Vanquished Creatures
  Prince Ribbit (D:6)
  Grinder (D:3)
  2 orc warriors (D:5)
  A sky beast (D:6)
  An ice beast (D:6)
  An ogre (D:6)
  A centaur (D:7)
  A phantom (D:4)
  2 elf zombies (D:4)
  A kobold brigand (D:6)
  A gnoll sergeant (D:7)
  3 water moccasin zombies (Ossuary)
  A scorpion (D:5)
  A killer bee (D:8)
  2 bullfrog zombies (D:5)
  A centaur skeleton (D:4)
  3 hounds
  An orc priest (D:5)
  2 human skeletons (D:4)
  6 orc wizards
  Natasha (thrice) (D:3)
  2 mummies (Ossuary)
  A howler monkey zombie (D:7)
  6 gnolls
  A shadow imp (D:5)
  2 white imps (D:6)
  2 ufetubi
  2 adder zombies (Ossuary)
  2 worms
  A dart slug (D:1)
  30 orcs
  3 ball pythons
  4 bats
  5 endoplasms
  6 giant cockroaches
  3 gnoll zombies (Ossuary)
  6 goblins
  7 hobgoblins
  7 kobolds
  A quokka (D:1)
  A frilled lizard (D:3)
  7 hobgoblin zombies (Ossuary)
  2 kobold zombies (Ossuary)
  2 orc skeletons (D:4)
  5 orc zombies (Ossuary)
  4 rats
148 creatures vanquished.

Notes
Turn   | Place    | Note
-------+----------+-------------------------------------------
     0 | D:1      | comborobin the Troll Brigand began the quest for the Orb.
     0 | D:1      | Reached XP level 1. HP: 19/19 MP: 0/0
    82 | D:1      | Reached skill level 1 in Unarmed Combat
   228 | D:1      | Reached XP level 2. HP: 27/27 MP: 1/1
   281 | D:1      | Reached skill level 2 in Unarmed Combat
   830 | D:2      | Found a blossoming altar of Fedhas.
   838 | D:2      | Reached XP level 3. HP: 33/33 MP: 2/2
   998 | D:3      | Reached skill level 3 in Unarmed Combat
  1102 | D:3      | Found an ornate altar of the Wu Jian Council.
  1172 | D:3      | Noticed Grinder
  1185 | D:3      | Killed Grinder
  1186 | D:3      | Reached skill level 5 in Unarmed Combat
  1186 | D:3      | Reached XP level 4. HP: 28/41 MP: 3/3
  1186 | D:3      | Reached XP level 5. HP: 32/48 MP: 4/4
  1216 | D:3      | Found an ancient bone altar of Kikubaaqudgha.
  1606 | D:3      | Noticed Natasha
  1616 | D:3      | Killed Natasha
  1814 | D:3      | Noticed Natasha
  1819 | D:3      | Killed Natasha
  1820 | D:3      | Reached skill level 6 in Unarmed Combat
  1820 | D:3      | Reached XP level 6. HP: 54/55 MP: 5/5
  1831 | D:3      | Noticed Natasha
  1837 | D:3      | Killed Natasha
  1935 | D:4      | Found a staircase to the Ecumenical Temple.
  1949 | Temple   | Entered the Ecumenical Temple
  2003 | Temple   | Became a worshipper of Cheibriados the Contemplative
  2457 | D:4      | Reached skill level 7 in Unarmed Combat
  2465 | D:4      | Found a sand-covered staircase.
  2472 | D:4      | Reached XP level 7. HP: 61/62 MP: 6/6
  2475 | Ossuary  | Entered an ossuary
  2539 | Ossuary  | Reached * piety under Cheibriados
  2594 | Ossuary  | Reached skill level 8 in Unarmed Combat
  3095 | D:5      | Entered Level 5 of the Dungeon
  3104 | D:5      | Found a burning altar of Makhleb.
  3107 | D:5      | Found a glowing golden altar of the Shining One.
  3108 | D:5      | Found a shimmering blue altar of Sif Muna.
  3110 | D:5      | Found a radiant altar of Vehumet.
  3140 | D:5      | Reached skill level 9 in Unarmed Combat
  3210 | D:5      | Reached ** piety under Cheibriados
  3229 | D:5      | Reached XP level 8. HP: 70/70 MP: 7/7
  3629 | D:5      | Found a sparkling altar of Nemelex Xobeh.
  3630 | D:5      | Found an opulent altar of Gozag.
  3907 | D:5      | Reached skill level 1 in Invocations
  3913 | D:5      | Learned a level 2 spell: Passwall
  3955 | D:6      | Reached skill level 10 in Unarmed Combat
  4023 | D:6      | Found a broken altar of Ashenzari.
  4324 | D:6      | Reached *** piety under Cheibriados
  4436 | D:6      | Identified the +8 mace "Joisuotz" {speed, +Blink rF+ rC-}
  4560 | D:6      | Noticed Prince Ribbit
  4571 | D:6      | Killed Prince Ribbit
  4575 | D:6      | Reached XP level 9. HP: 49/83 MP: 8/10
  4705 | D:6      | Found a glowing silver altar of Zin.
  5475 | D:7      | Learned a level 4 spell: Passage of Golubria
  5501 | D:7      | HP: 4/124 [gnoll sergeant (3)]
  5502 | D:7      | HP: 1/124 [gnoll sergeant (3)]
  5502 | D:7      | Slain by a gnoll sergeant

Illustrated notes

Levels and vault maps discovered:
D:1:      onia_arrival_pentagram, layout_loops_ring
D:2:      layout_basic, basic_altar, grunt_decor_cap
D:3:      layout_basic, mainiacjoe_overflow_small_starburst,
          kiku_gazebo_pond_becter, uniq_natasha, uniq_grinder
D:4:      layout_loops_corners, minmay_temple_entry_slanted,
          nicolae_ossuary_entry_catacombs
D:5:      layout_basic, grunt_temple_overflow_opulence,
          grunt_temple_overflow_open
D:6:      layout_basic, ashenzari_altar_1, mainiacjoe_overflow_surrounded_room,
          nicolae_concentric_dashed_squares_mild, minmay_small_thing,
          uniq_prince_ribbit1
D:7:      layout_loops_ring, ebering_ghost_rock_garden
D:8:      layout_layer_cave, overflow_temple_1_default,
          nicolae_figureground_sparkle
Temple:   eino_wide_crystal_templ

Skill      XL: |  1  2  3  4  5  6  7  8  9 |
---------------+----------------------------+-----
Unarmed Combat | 1 2 5 6 7 9 10 | 10.9
Fighting       | 3 |  3.4
Invocations    | 2 3 |  3.1
Short Blades   | |  1.5
Throwing       | |  1.7
Dodging        | |  0.7
Stealth        | |  2.1

Action                   |  1- 3 |  4- 6 |  7- 9 || total
-------------------------+-------+-------+-------++-------
Melee: Unarmed           |    96 |    76 |   248 ||   420
       Punch             |     1 |     3 |    10 ||    14
Throw: Dart              |       |       |     4 ||     4
  Use: Potion            |     2 |       |     3 ||     5
       Scroll            |       |     7 |     3 ||    10
 Stab: Sleeping          |     6 |     3 |     4 ||    13
       Distracted        |       |     1 |       ||     1
Armor: Robe              |    34 |    13 |    65 ||   112
Dodge: Dodged            |    34 |    26 |    84 ||   144

Table legend: (Time is in decaauts)
 A = Elapsed time spent in this place.
 B = Non-inter-level travel time spent in this place.
 C = Inter-level travel time spent in this place.
 D = Time resting spent in this place.
 E = Time spent auto-exploring this place.
 F = Levels seen in this place.
 G = Mean time per level.
                   A        B        C        D        E       F      G
               +--------+--------+--------+--------+--------+-----+--------+
         Total |   6621 |   6308 |    313 |    428 |   4459 |  10 |  662.1 |
       Dungeon |   6357 |   6082 |    275 |    428 |   4341 |   8 |  794.6 |
        Temple |     73 |     35 |     38 |      0 |     27 |   1 |   73.0 |
       Ossuary |    190 |    190 |      0 |      0 |     91 |   1 |  190.0 |
               +--------+--------+--------+--------+--------+-----+--------+

Top non-repeatable levels by time:
     D:6: 1754 daAuts
     D:4: 1254 daAuts
     D:5: 1154 daAuts
     D:3: 911 daAuts
     D:1: 661 daAuts
     D:7: 344 daAuts
     D:2: 265 daAuts
 Ossuary: 190 daAuts
  Temple: 73 daAuts
     D:8: 11 daAuts
